Map: Ephemeron LE

Players

Ziggy - Winner!

  • Race: Zerg Zerg
  • League: Platinum
  • Spawn Location: 11:00

kers

  • Race: Protoss Protoss
  • League: Platinum
  • Spawn Location: 5:00

VOD

Have the link to the VOD?

Description

Time

  • Played on: March 6, 2020, 2:43 p.m.
  • Length: 11:18
Show
View Real Time Build Order
Export as new Build Order

Ziggy Zerg - Winner!

Build Orders: Hatch First 

Get SALT Encoding   

  12  0:01  Drone  
  13  0:12  Overlord  
  13  0:16  Drone  
  14  0:30  Drone x2  
  16  0:50  Hatchery  
  16  0:53  Drone  
  16  0:56  Extractor  
  15  0:58  Drone  
  16  1:13  Spawning Pool  
  16  1:18  Drone  
  16  1:21  Drone  
  16  1:22  Drone  
  18  1:40  Drone, Overlord  
  19  2:00  Queen  
  21  2:02  Queen  
  21  2:06  Zergling x6  
  26  2:13  Drone x2  
  28  2:24  Drone x2  
  30  2:36  Drone  
  32  2:37  Drone  
  32  2:41  Lair  
  32  2:44  Queen  
  32  2:45  Drone  
  32  2:46  Drone  
  36  2:57  Overlord x2  
  36  3:07  Roach Warren  
  36  3:10  Evolution Chamber  
  34  3:15  Metabolic Boost  
  34  3:19  Drone x3  
  37  3:26  Drone x3  
  40  3:30  Extractor x2, Drone  
  40  3:32  Drone  
  40  3:45  Pneumatized Carapace  
  40  3:47  Drone x4  
  44  4:01  Drone x7  
  51  4:06  Zerg Missile Weapons Level 1  
  51  4:28  Hatchery  
  50  4:40  Queen  
  50  4:42  Overlord x4  
  50  4:43  Overlord  
  52  4:49  Glial Reconstitution  
  52  5:00  Queen  
  52  5:03  Roach  
  52  5:04  Roach x6  
  68  5:11  Roach x3  
  74  5:51  Drone x8  
  82  6:13  Zerg Ground Armor Level 1  
  82  6:15  Roach x8  
  98  6:38  Overlord  
  98  6:39  Overlord x9  
  98  6:59  Roach x5  
  98  7:00  Roach x2  
  112  7:12  Roach  
  112  7:13  Roach x5  
  124  7:29  Roach x9  
  140  7:40  Queen x3  
  146  7:44  Zergling x2  
  146  7:45  Zergling x12  
  146  7:47  Hatchery  
  152  7:58  Roach  
  152  7:59  Roach x4  
  152  8:03  Overseer  
  152  8:04  Overseer  
  162  8:28  Extractor  
  162  8:30  Ravager x2  
  162  8:31  Ravager x7  
  162  8:32  Overlord  
  162  8:33  Overlord x5  
  132  9:03  Roach x7  
  132  9:04  Roach x4  
  118  9:21  Zergling x16  
  118  9:22  Zergling x6  
  114  9:40  Hydralisk Den  
  95  10:17  Roach x20  
  95  10:18  Roach  
  131  10:35  Zergling x12  
Show
View Real Time Build Order
Export as new Build Order

kers Protoss 

Build Orders: 1 Gate Expand, Archon Immortal 

Get SALT Encoding   

  12  0:01  Probe  
  13  0:13  Probe  
  14  0:21  Pylon  
  14  0:25  Probe  
  15  0:39  Probe (Chrono Boost)  
  15  0:42  Gateway  
  16  0:49  Assimilator  
  17  0:51  Probe (Chrono Boost)  
  17  0:56  Probe (Chrono Boost)  
  18  1:06  Probe  
  19  1:18  Probe  
  20  1:31  Nexus  
  20  1:46  Cybernetics Core  
  20  1:53  Pylon  
  21  1:54  Probe  
  21  2:02  Assimilator  
  21  2:06  Probe  
  22  2:18  Probe  
  23  2:26  Adept (Chrono Boost)  
  23  2:27  Warp Gate (Chrono Boost), Robotics Facility  
  25  2:30  Probe  
  26  2:42  Probe  
  26  2:43  Probe  
  28  2:50  Stalker  
  30  2:54  Probe  
  30  2:55  Probe  
  32  3:06  Probe  
  32  3:07  Probe, Gateway  
  34  3:17  Observer  
  34  3:19  Probe x2  
  37  3:20  Gateway  
  37  3:24  Sentry  
  39  3:31  Probe x2  
  41  3:39  Observer  
  42  3:43  Probe x2  
  44  3:48  Pylon  
  44  3:52  Pylon  
  44  3:53  Assimilator  
  44  3:54  Assimilator  
  44  3:55  Probe  
  45  3:56  Probe  
  46  4:07  Probe  
  46  4:08  Immortal  
  46  4:09  Probe  
  52  4:19  Probe  
  52  4:21  Probe  
  52  4:23  Pylon  
  54  4:27  Pylon  
  54  4:30  Forge  
  54  4:31  Probe  
  54  4:33  Probe  
  54  4:34  Twilight Council  
  56  4:43  Probe  
  56  4:45  Probe  
  58  4:47  Immortal  
  62  4:55  Probe  
  62  4:57  Probe  
  62  4:58  Protoss Ground Weapons Level 1 (Chrono Boost)  
  64  5:06  Pylon  
  64  5:07  Probe  
  64  5:09  Probe, Pylon  
  64  5:11  Gateway  
  64  5:13  Gateway  
  66  5:19  Stalker  
  66  5:20  Probe  
  66  5:21  Probe, Stalker  
  71  5:25  Sentry  
  74  5:32  Probe  
  74  5:34  Probe  
  76  5:40  Immortal  
  80  5:44  Probe  
  80  5:45  Templar Archives  
  80  5:46  Probe, Charge  
  82  5:56  Probe, Pylon  
  83  5:58  Probe  
  83  6:02  Pylon  
  84  6:05  Pylon  
  84  6:08  Probe  
  84  6:10  Probe  
  86  6:20  Probe, Observer  
  86  6:21  Stalker x3  
  94  6:32  Nexus  
  94  6:35  Pylon  
  94  6:41  Immortal  
  94  6:43  Probe x2  
  100  6:51  Assimilator  
  100  6:54  Protoss Ground Weapons Level 2 (Chrono Boost), Assimilator  
  100  6:55  Probe x2  
  100  6:58  Pylon, Photon Cannon  
  100  7:00  Pylon, Shield Battery  
  102  7:07  Probe x2  
  104  7:12  Shield Battery  
  104  7:14  Photon Cannon  
  104  7:19  Probe x2  
  106  7:30  Immortal  
  106  7:31  Probe x2  
  106  7:33  High Templar x2  
  116  7:40  Archon  
  116  7:41  High Templar x2  
  120  7:56  Gateway  
  120  7:57  Gateway  
  120  8:00  Gateway  
  120  8:02  Gateway  
  121  8:05  Probe x2  
  121  8:06  Gateway  
  121  8:09  Gateway  
  122  8:15  Photon Cannon  
  122  8:17  Pylon  
  122  8:18  Archon  
  122  8:19  Photon Cannon  
  122  8:20  High Templar x2  
  126  8:33  Stalker  
  128  8:34  Stalker  
  130  8:46  Warp Prism  
  132  8:49  Archon  
  132  8:51  Pylon  
  127  8:57  Stalker x2  
  127  8:58  Stalker  
  95  9:17  Stalker  
  95  9:18  Stalker x4  
  95  9:19  Stalker x3  
  95  9:20  Stalker  
  95  9:21  Zealot x2  
  95  9:22  Immortal  
  99  9:51  Gateway  
  99  9:52  Stalker x3  
  93  9:53  Gateway, Stalker  
  93  9:55  Zealot x3  
  94  10:01  Immortal  
  88  10:10  Stalker x2  
  88  10:18  High Templar x3  
  88  10:19  High Templar  
  86  10:22  Archon  
  86  10:23  Archon  
  84  10:30  Stalker  
  84  10:32  Photon Cannon  
  88  10:56  High Templar x2  
  92  10:57  Pylon  
  92  11:00  Pylon  
  90  11:13  Archon  
Tags
 
Add a new tag
Caveats
  • Supply blocks, unpowered buildings, or Contaminate may cause inaccurate times.
  • Supply counts are checked every 10 seconds.